 Dungeon Sprint DCSS version 0.25-a0-413-g3b4b6a4ccc (webtiles) character file.

Game seed: 15090960117417522410, levelgen mode: deterministic

25 wilfster70 the Sneak (level 3, -14/27 HPs)
             Began as a Gnoll Enchanter on Jan 15, 2020.
             Demolished by an ogre
             ... wielding a +0 giant club
              (24 damage)
             ... in the Dungeon (Sprint I: "Red Sonja").
             The game lasted 00:00:31 (22 turns).

wilfster70 the Sneak (Gnoll Enchanter)                Turns: 22, Time: 00:00:32

Health: -14/27     AC:  2    Str: 10    XL:     3   Next: 4%
Magic:  3/9        EV: 15    Int: 18    God:
Gold:   0          SH:  0    Dex: 15    Spells: 6/12 levels left

rFire    . . .     SeeInvis .   a - +1 dagger
rCold    . . .     Gourm    .   (no shield)
rNeg     . . .     Faith    .   b - +0 robe
rPois    .         Spirit   .   (no helmet)
rElec    .         Reflect  .   (no cloak)
rCorr    .         Harm     .   (no gloves)
MR       .....     NoTele   +   (no boots)
Stlth    +++.......             (no amulet)
HPRegen  0.09/turn              (no ring)
MPRegen  0.11/turn              (no ring)

@: no status effects
A: distributed training, fangs 1, strong nose
a: no special abilities


You were in the Dungeon.
You were not hungry.

You visited 1 branch

Inventory:

Hand Weapons
 a - a +1 dagger (weapon)
Armour
 b - a +0 robe (worn)
Wands
 c - a wand of random effects (16)
Scrolls
 j - a scroll of blinking
Potions
 e - a potion of curing
 f - a potion of heal wounds
 g - a potion of haste
 h - 2 potions of magic
 i - a potion of berserk rage
Comestibles
 d - a ration


   Skills:
 + Level 1.7 Fighting
 + Level 3.1 Short Blades
 + Level 1.7 Long Blades
 + Level 1.7 Axes
 + Level 1.7 Maces & Flails
 + Level 1.7 Polearms
 + Level 1.7 Staves
 + Level 1.7 Slings
 + Level 1.7 Bows
 + Level 1.7 Crossbows
 + Level 1.7 Throwing
 + Level 1.7 Armour
 + Level 4.9 Dodging
 + Level 6.2 Stealth
 + Level 1.7 Shields
 + Level 1.7 Unarmed Combat
 + Level 5.2 Spellcasting
 + Level 1.3 Conjurations
 + Level 5.6 Hexes
 + Level 1.3 Charms
 + Level 1.3 Summonings
 + Level 1.3 Necromancy
 + Level 1.3 Translocations
 + Level 1.3 Transmutations
 + Level 1.3 Fire Magic
 + Level 1.3 Ice Magic
 + Level 1.3 Air Magic
 + Level 1.3 Earth Magic
 + Level 1.3 Poison Magic
 + Level 1.9 Invocations
 + Level 1.7 Evocations


You had 6 spell levels left.
You knew the following spells:

 Your Spells              Type           Power        Failure   Level  Hunger
a - Corona                Hex            ###....      1%          1    None
b - Ensorcelled Hibernat  Hex/Ice        ###...       4%          2    #......
c - Confusing Touch       Hex            ###.....     3%          3    ##.....

Your spell library contained the following spells:

 Spells                   Type           Power        Failure   Level  Hunger
 Tukima's Dance           Hex            ###.....     3%          3    ##.....
 Dazzling Flash           Conj/Hex       ###...       10%         3    ##.....


Dungeon Overview and Level Annotations

Branches:
Dungeon (1/1)

Altars:


Innate Abilities, Weirdness & Mutations

Your experience applies equally to all skills.
You have very sharp teeth.
Your uncanny sense of smell can sniff out nearby items.


Message History

Aim: an ogre, wielding a +0 giant club (chance to defeat MR: 48%)
The ogre looks drowsy...
The ogre shouts!
The ogre closely misses you.
There is an open door here.
Casting: Ensorcelled Hibernation (safe; 4% risk of failure)
Confirm with . or Enter, or press ? or * to list all spells.
Aiming: Corona (safe; 1% risk of failure)
Press: ? - help, Shift-Dir - straight line, f/p - ogre
Aim: an ogre, wielding a +0 giant club (chance to defeat MR: 64%)
The ogre is outlined in light.
The ogre misses you.
Casting: Corona (safe; 1% risk of failure)
Confirm with . or Enter, or press ? or * to list all spells.
Your hands begin to glow red.
The ogre hits you with a +0 giant club!
Ouch! That really hurt!
You completely miss the ogre. You hit the ogre but do no damage.
The ogre appears confused.
The ogre hits you with a +0 giant club!!
Ouch! That really hurt!
You die...

##########
#<.#.)'@O#
∆
#..'..#..+
∆
#..#####+#
#..# ∆∆
∆∆∆ #..#
∆∆ #..#
#⌠⌠# ####
∆∆


You could see an ogre (confused).

Vanquished Creatures
  Ijyb (D)
1 creature vanquished.

Notes
Turn   | Place    | Note
-------+----------+-------------------------------------------
     0 | D        | wilfster70 the Gnoll Enchanter began the quest for the Orb.
     0 | D        | Reached XP level 1. HP: 13/13 MP: 6/6
     2 | D        | Noticed Ijyb
     5 | D        | Killed Ijyb
     5 | D        | Reached skill level 1 in Fighting
     5 | D        | Reached skill level 1 in Long Blades
     5 | D        | Reached skill level 1 in Axes
     5 | D        | Reached skill level 1 in Maces & Flails
     5 | D        | Reached skill level 1 in Polearms
     5 | D        | Reached skill level 1 in Staves
     5 | D        | Reached skill level 1 in Slings
     5 | D        | Reached skill level 1 in Bows
     5 | D        | Reached skill level 1 in Crossbows
     5 | D        | Reached skill level 1 in Throwing
     5 | D        | Reached skill level 1 in Armour
     5 | D        | Reached skill level 6 in Stealth
     5 | D        | Reached skill level 1 in Shields
     5 | D        | Reached skill level 1 in Unarmed Combat
     5 | D        | Reached skill level 5 in Spellcasting
     5 | D        | Reached skill level 1 in Conjurations
     5 | D        | Reached skill level 1 in Charms
     5 | D        | Reached skill level 1 in Summonings
     5 | D        | Reached skill level 1 in Necromancy
     5 | D        | Reached skill level 1 in Translocations
     5 | D        | Reached skill level 1 in Transmutations
     5 | D        | Reached skill level 1 in Fire Magic
     5 | D        | Reached skill level 1 in Ice Magic
     5 | D        | Reached skill level 1 in Air Magic
     5 | D        | Reached skill level 1 in Earth Magic
     5 | D        | Reached skill level 1 in Poison Magic
     5 | D        | Reached skill level 1 in Invocations
     5 | D        | Reached skill level 1 in Evocations
     5 | D        | Reached XP level 2. HP: 22/22 MP: 8/8
     5 | D        | Reached XP level 3. HP: 27/27 MP: 9/9
     9 | D        | Learned a level 2 spell: Ensorcelled Hibernation
    13 | D        | Learned a level 3 spell: Confusing Touch
    15 | D        | Noticed an ogre
    22 | D        | Demolished by an ogre

Levels and vault maps discovered:
D:        dungeon_sprint_1 [red_sonja_temple_1, red_sonja_temple_small_1]

Skill      XL: |  1 |
---------------+----+-----
Fighting       | 1 |  1.7
Short Blades   | 3 |  3.1
Long Blades    | 1 |  1.7
Axes           | 1 |  1.7
Maces & Flails | 1 |  1.7
Polearms       | 1 |  1.7
Staves         | 1 |  1.7
Slings         | 1 |  1.7
Bows           | 1 |  1.7
Crossbows      | 1 |  1.7
Throwing       | 1 |  1.7
Armour         | 1 |  1.7
Stealth        | 6 |  6.2
Shields        | 1 |  1.7
Unarmed Combat | 1 |  1.7
Spellcasting   | 5 |  5.2
Conjurations   | 1 |  1.3
Charms         | 1 |  1.3
Summonings     | 1 |  1.3
Necromancy     | 1 |  1.3
Translocations | 1 |  1.3
Transmutations | 1 |  1.3
Fire Magic     | 1 |  1.3
Ice Magic      | 1 |  1.3
Air Magic      | 1 |  1.3
Earth Magic    | 1 |  1.3
Poison Magic   | 1 |  1.3
Invocations    | 1 |  1.9
Evocations     | 1 |  1.7
Dodging        | |  4.9
Hexes          | |  5.6

Action                   || total
-------------------------++-------
Melee: Dagger            ||     3
 Cast: Confusing Touch   ||     1
       Ensorcelled Hiber ||     1
       Corona            ||     1
 Stab: Sleeping          ||     1
Dodge: Dodged            ||     2

Table legend:
 A = Non-vault XP
 B = Vault XP
 C = Vault XP percentage of total XP
 D = Non-vault monster count
 E = Vault monster count
 F = Vault count percentage of total count
                 A         B        C        D         E       F
            +---------+---------+-------+---------+---------+-------
      Total |       0 |      36 | 100.0 |       0 |       1 | 100.0
            +---------+---------+-------+---------+---------+-------
          D |       0 |      36 | 100.0 |       0 |       1 | 100.0
            +---------+---------+-------+---------+---------+-------
